 Dungeon Crawl Stone Soup version 0.30-a0-222-ge547ba4400 (webtiles) character file.

Game seed: 7138417327133546448

1052 lunkers the Cudgeller (level 8, -2/66 HPs)
             Began as a Meteoran Wanderer on Oct 8, 2022.
             Was an Initiate of Trog.
             Shot with a sling bullet by Joseph (5 damage)
             ... on level 7 of the Dungeon.
             The game lasted 00:05:44 (2128 turns).

lunkers the Cudgeller (Meteoran Wanderer)           Turns: 2128, Time: 00:05:44

Health: -2/66      AC:  6    Str: 17    XL:     8   Next: 80%
Magic:  11/11      EV: 11    Int: 11    God:    Trog [......]
Gold:   257        SH:  0    Dex: 15    Spells: 8/9 levels left

rFire   . . .      SeeInvis +    b - +1 flail (drain)
rCold   . . .      Faith    .    u - orb {light}
rNeg    . . .      Spirit   .    q - +0 ring mail
rPois   .          Reflect  .    (no helmet)
rElec   .          Harm     .    (no cloak)
rCorr   .          Rampage  .    (no gloves)
Will    ++...                    y - +0 pair of boots
Stlth   +.........               (no amulet)
HPRegen 0.31/turn                j - ring of willpower
MPRegen 0.12/turn                p - ring of see invisible

@: glowing
A: sense surroundings 1, otherworldly, glowing, explore regen
a: Renounce Religion


You were on level 7 of the Dungeon.
You worshipped Trog.
Trog was noncommittal.
You visited 1 branch of the dungeon, and saw 7 of its levels.

You collected 257 gold pieces.

Inventory:

Hand Weapons
 a - a +2 sling
 b - a +1 flail of draining (weapon)
 h - a +0 trident
 w - a +0 rapier of freezing
Armour
 q - a +0 ring mail (worn)
 u - an orb of light (worn)
 y - a +0 pair of boots (worn)
Jewellery
 j - a ring of willpower (left hand)
 p - a ring of see invisible (right hand)
 z - a ring of willpower
Wands
 k - a wand of iceblast (8)
 m - a wand of quicksilver (4)
Potions
 c - 3 potions of curing
 d - a potion of might
 e - 3 potions of flight
 f - a potion of heal wounds {unknown}
 i - a potion of berserk rage {unknown}
 o - a potion of brilliance {unknown}
 r - a potion of mutation {unknown}
 s - a potion of cancellation {unknown}
 x - a potion of attraction {unknown}


   Skills:
 - Level 3.7 Fighting
 + Level 7.8 Maces & Flails
 - Level 7.1 Ranged Weapons
 - Level 1.2 Armour
 - Level 1.2 Dodging
 - Level 1.3 Spellcasting
 - Level 2.4 Translocations
 - Level 1.2 Invocations
 - Level 3.8 Evocations


You had 8 spell levels left.
You knew the following spells:

 Your Spells              Type           Power      Damage    Failure   Level
p - Apportation           Tloc           12%        N/A       22%         1

Your spell library contained the following spells:

 Spells                   Type           Power      Damage    Failure   Level
 Vhi's Electric Charge    Tloc/Air       6%         N/A       71%         3


Dungeon Overview and Level Annotations

Branches:
Dungeon (7/15) Zot: 2021
 Temple: D:4-7

Altars:
Qazlal
Trog
Wu Jian

Shops:
D:2 [   D:5 ([=   D:6 *

Annotations:
D:7 Joseph


Innate Abilities, Weirdness & Mutations

You passively map a small area around you.
You are easily found by Zot.
You glow in the dark.
You regain HP and MP as you explore.


Message History

Found a potion of curing.
There is a stone staircase leading up here.
Found 2 javelins.
c - 3 potions of curing (gained 1)
You feel your willpower return.
You now have 257 gold pieces (gained 13).
Joseph, a Mercenary comes into view.
He is wielding a +0 quarterstaff.
Joseph shouts!
Joseph unwields a +0 quarterstaff.
Joseph wields a +0 sling.
Joseph shoots a sling bullet.
The sling bullet hits you!
Joseph shoots a sling bullet.
The sling bullet hits you!
Found 18 gold pieces.
Joseph shoots a sling bullet.
The sling bullet hits you!
* * * LOW HITPOINT WARNING * * *
Aiming: Quicksilver Bolt
Press: ? - help, Shift-Dir - straight line, f - Joseph
Aim: Joseph, wielding a +0 sling and wearing a +0 ring mail (77% to hit)
The bolt of dispelling energy hits Joseph!
Joseph is moderately wounded.
Aiming: Iceblast
Press: ? - help, Shift-Dir - straight line, f/p - Joseph
Aim: Joseph, wielding a +0 sling and wearing a +0 ring mail (moderately wounded, haloed)
The mass of ice explodes!
The iceblast engulfs Joseph.
Joseph is moderately wounded.
Joseph shoots a sling bullet.
The sling bullet hits you!
* * * LOW HITPOINT WARNING * * *
Aiming: Quicksilver Bolt
Press: ? - help, Shift-Dir - straight line, f/p - Joseph
Aim: Joseph, wielding a +0 sling and wearing a +0 ring mail (moderately wounded, haloed, 84% to hit)
The bolt of dispelling energy hits Joseph!
Joseph is heavily wounded.
Joseph shoots a sling bullet.
The sling bullet hits you!
* * * LOW HITPOINT WARNING * * *
Aiming: Quicksilver Bolt
Press: ? - help, Shift-Dir - straight line, f/p - Joseph
Aim: Joseph, wielding a +0 sling and wearing a +0 ring mail (heavily wounded, haloed, 84% to hit)
The bolt of dispelling energy hits Joseph!
Joseph is heavily wounded.
Joseph says, "You must be punished!
Or...
I want to punish you!"
Joseph shoots a sling bullet.
The sling bullet hits you.
You die...

#......##.....#
##.......#....#
#..........###
##.........#
#.........#
##........#
#........#
##.......##
##...##@.#
######..# * **
...# , , ,
,,$..@#* , * *
###...* ....#
....# ....# *


You could see Joseph.

Vanquished Creatures
  Eustachio (D:4)
  A steam dragon (D:6)
  An orc warrior (D:6)
  A black bear (D:6)
  A centaur (D:6)
  An ogre (D:5)
  A scorpion (D:6)
  A howler monkey (D:4)
  3 hounds
  2 orc priests
  Ijyb (D:3)
  2 iguanas (D:4)
  3 adders
  A white imp (D:5)
  An ufetubus (D:5)
  A worm (D:3)
  7 orcs
  2 bats (D:3)
  6 endoplasms
  2 giant cockroaches (D:1)
  6 goblins
  7 hobgoblins
  A quokka (D:3)
  4 ball pythons
  5 kobolds
  8 rats
70 creatures vanquished.

Notes
Turn   | Place    | Note
-------+----------+-------------------------------------------
     0 | D:1      | lunkers the Meteoran Wanderer began the quest for the Orb.
     0 | D:1      | lunkers set off with the following items: a +2 sling, a +0
                  | ring mail, a potion of curing; and the following spell
                  | memorised: Apportation; and the following spells available
                  | to memorise: Vhi's Electric Charge.
     0 | D:1      | Reached XP level 1. HP: 14/14 MP: 3/3
    41 | D:1      | Reached XP level 2. HP: 20/20 MP: 5/5
    85 | D:1      | Reached skill level 5 in Ranged Weapons
   174 | D:2      | Found Nuclieh's Armour Shoppe.
   185 | D:2      | Reached XP level 3. HP: 26/26 MP: 6/6
   485 | D:3      | Reached XP level 4. HP: 21/33 MP: 7/7
   496 | D:3      | Noticed Ijyb
   500 | D:3      | Killed Ijyb
   501 | D:3      | Reached skill level 1 in Fighting
   718 | D:3      | Found an ornate altar of the Wu Jian Council.
   729 | D:3      | Identified the +9 long sword "Nisanaid" {holy, Int+6}
   795 | D:4      | Reached skill level 1 in Evocations
   795 | D:4      | Reached XP level 5. HP: 27/41 MP: 8/8
   803 | D:4      | Noticed Eustachio
   807 | D:4      | Killed Eustachio
   808 | D:4      | Reached XP level 6. HP: 48/50 MP: 9/9
   921 | D:4      | Found a stormy altar of Qazlal.
  1041 | D:4      | Reached XP level 7. HP: 48/57 MP: 10/10
  1207 | D:5      | Entered Level 5 of the Dungeon
  1328 | D:5      | Found Fykyasul's Jewellery Shoppe.
  1356 | D:5      | Found Tuadecs's Antique Armour Shop.
  1380 | D:5      | Found Uxyfog's Antique Weapon Boutique.
  1411 | D:5      | Reached skill level 1 in Maces & Flails
  1464 | D:5      | You fall into a shaft and drop 2 floors!
  1528 | D:6      | Found Omuraemoso's Assorted Antiques.
  1552 | D:6      | Noticed a steam dragon
  1565 | D:6      | Killed a steam dragon
  1566 | D:6      | Reached XP level 8. HP: 20/66 MP: 11/11
  1673 | D:6      | Reached skill level 5 in Maces & Flails
  2020 | D:6      | Noticed a moth of wrath
  2023 | D:6      | Found a bloodstained altar of Trog.
  2040 | D:6      | Became a worshipper of Trog the Wrathful
  2122 | D:7      | Noticed Joseph
  2127 | D:7      | HP: 2/66 [Joseph/sling bullet (12)]
  2128 | D:7      | Shot with a sling bullet by Joseph

Illustrated notes

Levels and vault maps discovered:
D:1:      saegor_arrival_under_anarchy, layout_rooms,
          hellmonk_ecumenical_altar_watching_god
D:2:      layout_basic, serial_shops, nicolae_diamond_shop
D:3:      due_chaos_kobolds, layout_loops_ring, mainiacjoe_overflow_chevrons,
          mainiacjoe_overflow_cross_hatched, uniq_ijyb
D:4:      layout_basic, nicolae_qazlal_general_emergency,
          kennysheep_big_empty_room, hangedman_abyss_or_decor_lesser_grid,
          nicolae_elevator_lobby_plus, uniq_eustachio, uniq_robin
D:5:      layout_loops_ring, serial_shops,
          nicolae_shop_competitors_out_of_business, nicolae_take_the_stairs,
          nicolae_shop_advertising_works [nicolae_subvault_shop_adworks],
          reono_crystal_passage, chequers_serial_rivers_room_b
D:6:      layout_gridville, kennysheep_little_box, tgw_trog, serial_shops,
          nicolae_shop_overgrown_old_shop
D:7:      layout_cave_pods, minmay_temple_entry_poolview, uniq_joseph,
          uniq_menkaure

Skill      XL: |  1  2  3  4  5  6  7  8 |
---------------+-------------------------+-----
Ranged Weapons | 5 6 7 |  7.1
Fighting       | 1 2 3 |  3.7
Evocations     | 1 2 3 |  3.8
Maces & Flails | 3 7 |  7.8
Armour         | |  1.2
Dodging        | |  1.2
Spellcasting   | |  1.3
Translocations | |  2.4
Invocations    | |  1.2

Action                   |  1- 3 |  4- 6 |  7- 9 || total
-------------------------+-------+-------+-------++-------
Melee: Flail             |       |       |    58 ||    58
 Fire: Sling             |    86 |    63 |    35 ||   184
Evoke: Wand              |       |     7 |     7 ||    14
  Use: Scroll            |       |       |     7 ||     7
Armor: Ring mail         |    19 |    12 |    35 ||    66
Dodge: Dodged            |    21 |    18 |    60 ||    99

Table legend: (Time is in decaauts)
 A = Elapsed time spent in this place.
 B = Non-inter-level travel time spent in this place.
 C = Inter-level travel time spent in this place.
 D = Time resting spent in this place.
 E = Time spent auto-exploring this place.
 F = Levels seen in this place.
 G = Mean time per level.
                   A        B        C        D        E       F      G
               +--------+--------+--------+--------+--------+-----+--------+
         Total |   2177 |   1903 |    274 |      0 |   1302 |   7 |  311.0 |
       Dungeon |   2177 |   1903 |    274 |      0 |   1302 |   7 |  311.0 |
               +--------+--------+--------+--------+--------+-----+--------+

Top non-repeatable levels by time:
     D:5: 508 daAuts
     D:4: 444 daAuts
     D:6: 317 daAuts
     D:3: 315 daAuts
     D:2: 262 daAuts
     D:1: 218 daAuts
     D:7: 110 daAuts
